 Dungeon Sprint DCSS version 0.30-a0-137-gd8773701ce (webtiles) character file.

Game seed: 13421061336631170698

208879 mhtbhm the Petrodigitator (level 16, -3/90 HPs)
             Began as a Gargoyle Earth Elementalist on Sept 24, 2022.
             Was the Champion of Vehumet.
             Slain by a stone giant (12 damage)
             ... in the Dungeon (Sprint III: "The Ten Rune Challenge").
             The game lasted 00:48:11 (14898 turns).

mhtbhm the Petrodigitator (GrEE)                   Turns: 14898, Time: 00:48:11

Health: -3/90      AC: 21    Str: 14    XL:     16   Next: 91%
Magic:  39/47      EV: 16    Int: 26    God:    Vehumet [******]
Gold:   9929       SH:  0    Dex: 12    Spells: 6/69 levels left

rFire   + + +      SeeInvis +    A - staff of earth
rCold   + . .      Faith    .    (no shield)
rNeg    + + +      Spirit   .    S - +2 robe {rN+}
rPois   ∞          Reflect  .    Y - +0 hat of Viokure {rF+++ Int-2 Dex+2 Slay+2}
rElec   +          Harm     .    s - +1 cloak
rCorr   .          Rampage  .    P - +0 pair of gloves {hurl}
Will    +....      NoTele   +    D - +1 pair of boots {Stlth+}
Stlth   ++++++....               B - amulet "Xoal" {RegenMP rF+ SInv}
HPRegen 0.25/turn                E - ring "Ikommel" {Wiz Str+3}
MPRegen 0.70/turn                g - ring "Nasitat" {+Blink rC+ rN+ Int+3}

@: flying
A: sickness immunity, AC +12, big wings, negative energy resistance 1,
electricity resistance, torment resistance 1, petrification resistance
}: 5/10 runes: decaying, serpentine, silver, golden, demonic
a: Renounce Religion, Evoke Blink


You were in the Dungeon.
You worshipped Vehumet.
Vehumet was exalted by your worship.
You visited 1 branch You collected 12077 gold pieces.
You spent 2148 gold pieces at shops.

Inventory:

Missiles
 q - 7 curare-tipped darts (quivered)
 v - 4 javelins
 w - 5 atropa-tipped darts
 x - 5 datura-tipped darts
Armour
 a - a +2 robe of cold resistance
 s - a +1 cloak (worn)
 t - a +2 pair of boots of flying
 D - a +1 pair of boots of stealth (worn)
 G - a +1 hat of willpower
 P - a +0 pair of gloves of hurling (worn)
 S - a +2 robe of positive energy (worn)
 Y - the +0 hat of Viokure (worn) {rF+++ Int-2 Dex+2 Slay+2}
   (You acquired it in the Dungeon)

   Int:       It affects your intelligence (-2).
   Dex:       It affects your dexterity (+2).
   Slay:      It affects your accuracy & damage with ranged weapons and melee
   (+2).
   rF:        It renders you almost immune to fire.
Magical Staves
 A - a staff of earth (weapon)
Jewellery
 d - the amulet "Dooth" {Acrobat Will+ Str+4}
   (You took it off a deep elf death mage in the Dungeon)

   [amulet of the acrobat]

   It increases your evasion while moving and waiting.
   Str:       It affects your strength (+4).
   Will:      It increases your willpower.
 g - the ring "Nasitat" (right hand) {+Blink rC+ rN+ Int+3}
   (You found it in the Dungeon)

   [ring of positive energy]

   Int:       It affects your intelligence (+3).
   rC:        It protects you from cold.
   rN:        It protects you from negative energy.
   +Blink:    It lets you blink.
 u - an amulet of reflection
 B - the amulet "Xoal" (around neck) {RegenMP rF+ SInv}
   (You found it in the Dungeon)

   [amulet of magic regeneration]

   It increases your rate of magic regeneration.
   rF:        It protects you from fire.
   SInv:      It lets you see invisible.
 E - the ring "Ikommel" (left hand) {Wiz Str+3}
   (You took it off a deep elf annihilator in the Dungeon)

   [ring of wizardry]

   It improves your spell success rate.
   Str:       It affects your strength (+3).
 N - a ring of ice
 Q - a +4 ring of evasion
 R - the amulet of Vitality {RegenMP++ Regen++}
   (You found it in the Dungeon)

   [amulet of magic regeneration]

   It increases your rate of magic regeneration.
   Regen:     It increases your rate of health regeneration.
 U - a ring of protection from fire
 W - a +4 ring of protection
 X - a ring of ice
Wands
 m - a wand of digging (4)
 y - a wand of roots (9)
 K - a wand of mindburst (25)
 M - a wand of quicksilver (8)
Scrolls
 e - 3 scrolls of amnesia
 h - 2 scrolls of enchant armour
 i - 2 scrolls of poison
 j - 2 scrolls of identify
 p - a scroll of vulnerability
 r - a scroll of butterflies
 F - 2 scrolls of silence
 H - a scroll of enchant weapon
 J - 3 scrolls of brand weapon
 V - a scroll of immolation
Potions
 b - 4 potions of magic
 c - 2 potions of curing
 f - 3 potions of berserk rage
 k - 4 potions of flight
 l - 6 potions of mutation
 n - 2 potions of might
 I - a potion of attraction
 L - a potion of lignification
 T - a potion of brilliance {unknown}
Miscellaneous
 o - a condenser vane
 z - a lightning rod (4/4)
 C - a phantom mirror
 O - a tin of tremorstones (2/2)


   Skills:
 - Level 6.9 Fighting
 + Level 11.5 Dodging
 + Level 11.1 Stealth
 + Level 2.7 Shields
 - Level 1.0 Unarmed Combat
 O Level 27 Spellcasting
 O Level 27 Conjurations
 + Level 3.2 Hexes
 + Level 2.6 Transmutations
 + Level 12.5 Fire Magic
 + Level 3.6 Air Magic
 O Level 27 Earth Magic
 + Level 3.7 Poison Magic
 + Level 11.5 Evocations


You had 6 spell levels left.
You knew the following spells:

 Your Spells              Type           Power      Damage    Failure   Level
a - Sandblast             Erth           100%       2d20      0%          1
b - Passwall              Tmut/Erth      88%        N/A       0%          2
c - Stone Arrow           Conj/Erth      100%       3d13      0%          3
d - Petrify               Tmut/Erth      100%       N/A       0%          4
e - Mephitic Cloud        Conj/Pois/Air  76%        N/A       0%          3
f - Scorch                Fire           100%       2d10      0%          2
g - Inner Flame           Hex/Fire       66%        N/A       1%          3
h - Sticky Flame          Conj/Fire      95%        2d10      0%          4
i - Freezing Cloud        Conj/Ice/Air   36%        6-21      1%          5
j - Iron Shot             Conj/Erth      66%        9d12      0%          6
k - Shatter               Erth           66%        3d49*     1%          9
l - Ignition              Fire           39%        3d12      3%          8
m - Fireball              Conj/Fire      47%        3d19      0%          5
n - Lehudib's Crystal Sp  Conj/Erth      66%        10d15     1%          8

Your spell library contained the following spells:

 Spells                   Type           Power      Damage    Failure   Level
 Maxwell's Capacitive Co  Air            26%        ∞         67%         8
 Foxfire                  Conj/Fire      100%       2x1d9     0%          1
 Magic Dart               Conj           100%       1d8       0%          1
 Shock                    Conj/Air       100%       1d9       0%          1
 Searing Ray              Conj           100%       2d8       0%          2
 Flame Wave               Conj/Fire      95%        2d20      0%          4
 Iskenderun's Battlesphe  Conj           100%       2d15      0%          5
 Sting                    Tmut/Pois      100%       1d8       1%          1
 Summon Small Mammal      Summ           100%       N/A       1%          1
 Blink                    Tloc           70%        N/A       1%          2
 Call Imp                 Summ           35%        N/A       1%          2
 Poisonous Vapours        Pois/Air       100%       N/A       1%          2
 Wereblood                Tmut           48%        N/A       1%          2
 Call Canine Familiar     Summ           35%        N/A       1%          3
 Kindle Blastsparks       Fire/Tloc/Air  100%       2d18      1%          3
 Lesser Beckoning         Tloc           35%        N/A       1%          3
 Ozocubu's Armour         Ice            35%        N/A       1%          3
 Summon Guardian Golem    Hex/Summ       43%        N/A       1%          3
 Swiftness                Air            52%        N/A       1%          3
 Airstrike                Air            26%        2d(4-20)  1%          4
 Animate Armour           Summ/Erth      100%       N/A       1%          4
 Cause Fear               Hex            25%        N/A       1%          4
 Hailstorm                Conj/Ice       81%        3d16      1%          4
 Ice Form                 Ice/Tmut       42%        N/A       1%          4
 Arcjolt                  Conj/Air       43%        1d53      1%          5
 Irradiate                Conj/Tmut      42%        3d25      1%          5
 Conjure Ball Lightning   Conj/Air       43%        3x3d15    1%          6
 Starburst                Conj/Fire      47%        6d13      1%          6
 Manifold Assault         Tloc           35%        N/A       3%          4
 Metabolic Englaciation   Hex/Ice        21%        N/A       4%          5
 Simulacrum               Ice/Necr       17%        N/A       43%         6
 Orb of Destruction       Conj           54%        9d14      0%          7
 Dragon Form              Tmut           24%        N/A       63%         7
 Summon Hydra             Summ           17%        N/A       92%         7
 Dragon's Call            Summ           17%        N/A       100%        9
 Cigotuvi's Dreadful Rot  Necr/Pois/Air  Unusable   N/A       N/A         2
 Sublimation of Blood     Necr           Unusable   N/A       N/A         2
 Statue Form              Tmut/Erth      Unusable   N/A       N/A         6

Dungeon Overview and Level Annotations

Branches:
Dungeon (1/1)

Altars:
Cheibriados
Dithmenos
Elyvilon
Fedhas
Gozag
Hepliaklqana
Kikubaaqudgha
Makhleb
Nemelex Xobeh
Okawaru
Qazlal
Ru
Sif Muna
Trog
Uskayaw
Vehumet
Wu Jian
Xom
Yredelemnul
Zin
The Shining One
Jiyva
Lugonu

Shops:
D ?:(=!(*![![!=!(([*=:?*!

Annotations:
D Geryon


Innate Abilities, Weirdness & Mutations

You are immune to sickness and miasma.
Your stone body is resilient. (AC +12)
You are immune to poison.
Your large and strong wings let you fly.
You resist negative energy. (rN+)
You are resistant to electric shocks. (rElec)
You are resistant to unholy torment.
You are immune to petrification.


Message History

You kill the yaktaur captain!
Vehumet accepts your kill.
The fireball engulfs the yaktaur!
The yaktaur is almost dead.
Geryon is struck by lightning.
Geryon tail-slaps you from afar!
* * * LOW HITPOINT WARNING * * *
The stone giant closely misses you.
The yaktaur is struck by lightning.
You kill the yaktaur!
Vehumet accepts your kill.
The yaktaur is struck by lightning.
The yaktaur shoots a bolt.
The bolt hits you.
* * * LOW HITPOINT WARNING * * *
The yaktaur is struck by lightning.
You kill the yaktaur!
Vehumet accepts your kill.
Your condenser vane has recharged.
Your Stealth skill increases to level 11!
Your Fire Magic skill increases to level 12!
Unknown command.
Unknown command.
Casting: Ignition (dangerous; 3% risk of failure)
Confirm with . or Enter, or press ? or * to list all spells.
Casting: Ignition (dangerous; 3% risk of failure)
Press: ? - help, Dir - look around, f - activate The air bursts into flame!
The fireball engulfs the stone giant!
The stone giant is severely wounded.
The fireball engulfs Geryon.
Geryon is lightly wounded.
The fireball engulfs the yaktaur!
You kill the yaktaur!
Vehumet accepts your kill.
The fireball engulfs the stone giant!!
The stone giant is almost dead.
The fireball engulfs Geryon!
Geryon is lightly wounded.
The fireball engulfs the stone giant.
The stone giant is severely wounded.
Geryon winds a great silver horn.
The stone giant hits you!
You die...

,~~~~~~~~~~,**,*,,*,,*,,,,**,,,,,
,,,~~~~~~,,,**,+,,*,,*,,,,**~,,,,
,,,,,~~,,,,,*******++*******,~,,,
,,,,,,,,,,,,***,*,*,,*,*,**####++
8,,,,,,,,,,8**,,,,,,,,,,,,*#.)'..
*****+***##########+#############
,,,,,,,,,.§§§§§§...........#...#
,,,,,,,,,§§§§C§§...........#...##
,,,,,,,,,§§§§§&C@..........'...'.
,,,,,,,,,§§§§§§§...........#...##
,,,,,,,,,..§§2§............#...#
******+**###########+###########*
***~~~~~~~~~**,,,*,,,,*,,,**,,,,,
*,+~*+*~~*****,,,+,,,,+,,,**,,,,,
***~*,*~~*,* *,,,*,,,,*,,,**,,,,,
~~~~***~~*+****+********+***,,,,,
~~~~~~~~~~~~* *,,,,,,,,,,* *,,,,,


You could see Geryon, 2 stone giants and a hell beast (summoned).

Vanquished Creatures
  An ancient lich (D)
  Sojobo (D)
  2 royal mummies (D)
  Boris (D)
  A golden dragon (D)
  Nellie (D)
  Rupert (D)
  An Ice Fiend (D)
  A lich (D)
  A titan (D)
  A quicksilver dragon (D)
  A deep elf master archer (D)
  2 sphinxes (D)
  Gastronok (D)
  Harold (D)
  4 shadow dragons (D)
  Roxanne (D)
  A nagaraja (D)
  4 azure jellies (D)
  2 fire giants (D)
  A frost giant (D)
  A deep elf demonologist (D)
  3 deep elf annihilators (D)
  2 dire elephants (D)
  Azrael (D)
  A deep elf death mage (D)
  10 mummy priests (D)
  A fire dragon (D)
  6 yaktaur captains (D)
  A deep elf high priest (D)
  Josephine (D)
  3 hydras (D)
  16 vault guards (D)
  2 hell beasts (D)
  3 centaur warriors (D)
  An ogre mage (D)
  An anaconda (D)
  4 death yaks (D)
  4 dancing weapons (D)
  3 titan zombies (D)
  Urug (D)
  2 soul eaters (D)
  A naga warrior (D)
  A deep elf knight (D)
  2 sun demons (D)
  A shadow wraith (D)
  9 skeletal warriors (D)
  3 death drakes (D)
  A spriggan druid (D)
  A lindwurm (D)
  Joseph (D)
  3 deep elf zephyrmancers (D)
  2 obsidian statues (D)
  An orc sorcerer (D)
  2 deep elf pyromancers (D)
  A spectral hydra (D)
  2 oklob plants (D)
  7 ugly things (D)
  4 crystal guardians (D)
  A manticore (shapeshifter) (D)
  7 black mambas (D)
  A water nymph (shapeshifter) (D)
  A guardian serpent (D)
  2 elephants (D)
  4 statues (D)
  An iron troll simulacrum (D)
  A stone giant skeleton (D)
  2 cane toads (D)
  A rime drake (D)
  A komodo dragon (D)
  An unseen horror (D)
  2 ice devils (D)
  8 yaktaurs (D)
  2 anaconda simulacra (D)
  15 guardian mummies (D)
  3 wandering mushrooms (D)
  A queen bee (D)
  4 spriggan defenders (D)
  3 hornets (D)
  5 slime creatures (D)
  2 tyrant leeches (D)
  An orc high priest (D)
  8 blink frogs (D)
  A shadow (D)
  2 spriggans (D)
  3 redbacks (D)
  A spatial vortex (D)
  2 nagas (D)
  5 water moccasins (D)
  A hydra simulacrum (D)
  A floating eye (D)
  A floating eye (shapeshifter) (D)
  A swamp drake (D)
  4 orc warriors (D)
  2 centaurs (D)
  2 swamp dragon skeletons (D)
  An earth elemental (D)
  A water elemental (D)
  A necrophage (D)
  24 killer bees (D)
  An electric eel (D)
  4 orc priests (D)
  A jelly (D)
  Jessica (D)
  A wizard (D)
  A necromancer (D)
  2 orc wizards (D)
  A wolf simulacrum (D)
  3 polar bear simulacra (D)
  3 humans (D)
  A kobold demonologist (D)
  7 adders (D)
  A phantom (D)
  10 orcs (D)
  2 endoplasms (D)
  A rat (D)
  10 butterflies (D)
319 creatures vanquished.

Vanquished Creatures (collateral kills)
  5 killer bees (D)
5 creatures vanquished.

Vanquished Creatures (others)
  Chuck (D)
  3 killer bees (D)
  21 plants (D)
25 creatures vanquished.

Grand Total: 349 creatures vanquished

Notes
Turn   | Place    | Note
-------+----------+-------------------------------------------
     0 | D        | mhtbhm the Gargoyle Earth Elementalist began the quest for
                  | the Orb.
     0 | D        | Reached XP level 1. HP: 10/10 MP: 3/3
    79 | D        | Noticed Jessica
    84 | D        | Killed Jessica
    85 | D        | Reached XP level 2. HP: 15/15 MP: 3/6
    85 | D        | Reached XP level 3. HP: 19/19 MP: 3/7
   222 | D        | Learned a level 2 spell: Passwall
   226 | D        | Learned a level 3 spell: Stone Arrow
   411 | D        | Noticed a water elemental
   413 | D        | Killed a water elemental
   414 | D        | Reached XP level 4. HP: 24/24 MP: 2/10
   483 | D        | Found a radiant altar of Vehumet.
   483 | D        | Found a shimmering blue altar of Sif Muna.
   483 | D        | Found an ancient bone altar of Kikubaaqudgha.
   483 | D        | Noticed a wizard
   486 | D        | Killed a wizard
   487 | D        | Reached XP level 5. HP: 13/28 MP: 3/12
   491 | D        | Reached skill level 5 in Spellcasting
   491 | D        | Reached skill level 1 in Conjurations
   500 | D        | Became a worshipper of Vehumet
   506 | D        | Learned a level 4 spell: Petrify
   510 | D        | Learned a level 3 spell: Mephitic Cloud
   682 | D        | Found a glowing silver altar of Zin.
   682 | D        | Found a glowing golden altar of the Shining One.
   682 | D        | Found a white marble altar of Elyvilon.
   682 | D        | Noticed a deep elf pyromancer
   686 | D        | Killed a deep elf pyromancer
   687 | D        | Reached skill level 5 in Stealth
   687 | D        | Reached XP level 6. HP: 27/32 MP: 6/17
   687 | D        | Reached XP level 7. HP: 31/36 MP: 6/18
   762 | D        | Found a basalt altar of Yredelemnul.
   762 | D        | Found a shadowy altar of Dithmenos.
   762 | D        | Found a sacrificial altar of Ru.
   767 | D        | Reached * piety under Vehumet
   767 | D        | Offered knowledge of Shock by Vehumet.
   870 | D        | Found a hide-covered altar of Uskayaw.
   870 | D        | Found an iron altar of Okawaru.
   870 | D        | Found a bloodstained altar of Trog.
   870 | D        | Found an ornate altar of the Wu Jian Council.
   870 | D        | Noticed a human
   870 | D        | Noticed a human
   873 | D        | Killed a human
   876 | D        | Killed a human
   877 | D        | Reached XP level 8. HP: 42/42 MP: 2/21
   994 | D        | Noticed a shadow
   996 | D        | Killed a shadow
   996 | D        | Offered knowledge of Scorch by Vehumet.
   996 | D        | Reached ** piety under Vehumet
   997 | D        | Reached skill level 10 in Spellcasting
   999 | D        | Reached skill level 1 in Fighting
  1021 | D        | Learned a level 2 spell: Scorch
  1022 | D        | Found a blossoming altar of Fedhas.
  1022 | D        | Found a stormy altar of Qazlal.
  1022 | D        | Found a snail-covered altar of Cheibriados.
  1022 | D        | Found a burning altar of Makhleb.
  1022 | D        | Found a shimmering altar of Xom.
  1023 | D        | Found a hazy altar of Hepliaklqana.
  1023 | D        | Found an opulent altar of Gozag.
  1023 | D        | Found a sparkling altar of Nemelex Xobeh.
  1023 | D        | Found a corrupted altar of Lugonu.
  1023 | D        | Found a viscous altar of Jiyva.
  1158 | D        | Noticed Josephine
  1164 | D        | Killed Josephine
  1164 | D        | Offered knowledge of Inner Flame by Vehumet.
  1165 | D        | Reached skill level 5 in Conjurations
  1165 | D        | Reached skill level 1 in Air Magic
  1165 | D        | Reached skill level 15 in Earth Magic
  1165 | D        | Reached XP level 9. HP: 47/47 MP: 5/24
  1279 | D        | Learned a level 3 spell: Inner Flame
  1332 | D        | Reached *** piety under Vehumet
  1417 | D        | Noticed a centaur warrior
  1421 | D        | Offered knowledge of Iskenderun's Mystic Blast by Vehumet.
  1424 | D        | Killed a centaur warrior
  1528 | D        | Killed an unseen horror
  1528 | D        | Reached **** piety under Vehumet
  1618 | D        | Noticed a wandering mushroom
  1622 | D        | Noticed a wandering mushroom
  1625 | D        | Killed a wandering mushroom
  1625 | D        | Offered knowledge of Hailstorm by Vehumet.
  1627 | D        | Noticed a wandering mushroom
  1632 | D        | Killed a wandering mushroom
  1633 | D        | Reached XP level 10. HP: 54/54 MP: 13/27
  1638 | D        | Reached skill level 1 in Poison Magic
  1747 | D        | Reached ***** piety under Vehumet
  1751 | D        | Reached skill level 1 in Hexes
  1752 | D        | Reached ****** piety under Vehumet
  1753 | D        | Reached skill level 1 in Fire Magic
  1843 | D        | Found Lyweux's Assorted Antiques.
  1844 | D        | Noticed an orc sorcerer
  1846 | D        | Offered knowledge of Sticky Flame by Vehumet.
  1852 | D        | Killed an orc sorcerer
  2019 | D        | Bought a scroll labelled OCA FAGUCKYSM for 15 gold pieces
  2036 | D        | Learned a level 4 spell: Sticky Flame
  2074 | D        | Noticed Harold
  2074 | D        | Noticed Joseph
  2081 | D        | Killed Joseph
  2082 | D        | Reached skill level 1 in Transmutations
  2084 | D        | Killed Harold
  2084 | D        | Offered knowledge of Yara's Violent Unravelling by Vehumet.
  2085 | D        | Reached skill level 15 in Spellcasting
  2085 | D        | Reached skill level 10 in Conjurations
  2085 | D        | Reached XP level 11. HP: 42/60 MP: 1/30
  2345 | D        | Noticed a yaktaur captain
  2354 | D        | Noticed a skeletal warrior
  2362 | D        | Killed a skeletal warrior
  2466 | D        | Noticed an obsidian statue
  2489 | D        | Found Asucenery's Assorted Antiques.
  2489 | D        | Found Liden's Book Shop.
  2489 | D        | Found Nazxuil's Antique Weapon Boutique.
  2489 | D        | Found Wyorphue's Distillery.
  2489 | D        | Found Piopik's Antique Armour Boutique.
  2489 | D        | Found Dafuzats's Jewellery Emporium.
  2489 | D        | Found Jaog's Antique Weapon Shoppe.
  2489 | D        | Found Koism's Distillery.
  2489 | D        | Found Mopnecar's Assorted Antiques.
  2489 | D        | Found Ryotutopp's Jewellery Emporium.
  2489 | D        | Found Olofur's Magic Scroll Boutique.
  2525 | D        | Bought a scroll labelled DOAJOECISTA for 24 gold pieces
  2538 | D        | Bought a runed cloak for 157 gold pieces
  2538 | D        | Bought a pair of glowing boots for 157 gold pieces
  2553 | D        | Bought a scroll of blinking for 75 gold pieces
  2553 | D        | Bought a scroll of magic mapping for 75 gold pieces
  2557 | D        | Bought an amulet of reflection for 420 gold pieces
  2641 | D        | Reached skill level 1 in Evocations
  2642 | D        | Reached skill level 5 in Fire Magic
  2761 | D        | Offered knowledge of Conjure Ball Lightning by Vehumet.
  3014 | D        | Noticed a lindwurm
  3019 | D        | Killed a lindwurm
  3087 | D        | Noticed Urug
  3094 | D        | Killed Urug
  3095 | D        | Reached skill level 1 in Unarmed Combat
  3272 | D        | Offered knowledge of Lightning Bolt by Vehumet.
  3491 | D        | Noticed Rupert
  3534 | D        | Noticed a seven-headed hydra
  3534 | D        | Noticed a six-headed hydra
  3549 | D        | Killed a six-headed hydra
  3549 | D        | Killed a seven-headed hydra
  3549 | D        | Offered knowledge of Freezing Cloud by Vehumet.
  3550 | D        | Reached XP level 12. HP: 55/65 MP: 20/32
  3782 | D        | Learned a level 5 spell: Freezing Cloud
  3796 | D        | Found a blossoming altar of Fedhas.
  4031 | D        | Reached skill level 5 in Dodging
  4033 | D        | Offered knowledge of Orb of Destruction by Vehumet.
  4400 | D        | Noticed an anaconda
  4404 | D        | Offered knowledge of Iron Shot by Vehumet.
  4405 | D        | Killed an anaconda
  4511 | D        | Learned a level 6 spell: Iron Shot
  4513 | D        | Noticed a naga warrior
  4513 | D        | Noticed a nagaraja
  4519 | D        | Killed a naga warrior
  4563 | D        | Killed a nagaraja
  4731 | D        | Found Baicuyl's Jewellery Shop.
  4731 | D        | Found Kiam's Distillery.
  4735 | D        | Found Tusef's Antique Weapon Boutique.
  4740 | D        | Bought a potion of magic for 88 gold pieces
  4746 | D        | Offered knowledge of Shatter by Vehumet.
  4746 | D        | Offered knowledge of Ignition by Vehumet.
  4746 | D        | Offered knowledge of Maxwell's Capacitive Coupling by
                  | Vehumet.
  4747 | D        | Reached skill level 1 in Shields
  4757 | D        | Learned a level 9 spell: Shatter
  4856 | D        | Noticed a yaktaur captain
  4858 | D        | Noticed a yaktaur captain
  5293 | D        | Reached skill level 15 in Conjurations
  5532 | D        | Noticed a centaur warrior
  5536 | D        | Killed a centaur warrior
  5634 | D        | Noticed a fire dragon
  5640 | D        | Reached XP level 13. HP: 70/70 MP: 23/35
  5643 | D        | Killed a fire dragon
  5838 | D        | Identified the +9 double sword "Atoan" {protect, Drain
                  | Fragile Str+9 Stlth+}
  6052 | D        | Noticed a yaktaur captain
  6060 | D        | Killed a yaktaur captain
  6104 | D        | Noticed Chuck
  6186 | D        | Killed Chuck
  6223 | D        | Learned a level 8 spell: Ignition
  6454 | D        | Killed a yaktaur captain
  6455 | D        | Killed a yaktaur captain
  6697 | D        | Noticed a yaktaur captain
  7130 | D        | Killed a yaktaur captain
  7133 | D        | Killed a yaktaur captain
  7312 | D        | Noticed Azrael
  7314 | D        | Killed Azrael
  7354 | D        | Acquired 701 gold pieces
  7358 | D        | Acquired 891 gold pieces
  7362 | D        | Acquired a book of the Dragon
  7443 | D        | Noticed a deep elf annihilator
  7443 | D        | Noticed a deep elf high priest
  7444 | D        | Noticed a deep elf demonologist
  7593 | D        | Identified the +0 glaive "Xugathoh" {speed, rPois rN+++
                  | Str-2 Int-4}
  7593 | D        | Identified the ring "Ikommel" {Wiz Str+3}
  7593 | D        | Noticed a deep elf annihilator
  7593 | D        | Identified the amulet "Dooth" {Acrobat Will+ Str+4}
  7593 | D        | Noticed a deep elf death mage
  7596 | D        | Killed a deep elf annihilator
  7596 | D        | Killed a deep elf high priest
  7597 | D        | Killed a deep elf death mage
  7598 | D        | Killed a deep elf annihilator
  7599 | D        | Noticed a deep elf annihilator
  7609 | D        | Killed a deep elf annihilator
  7610 | D        | Noticed a deep elf master archer
  7668 | D        | Killed a deep elf demonologist
  7669 | D        | Gained mutation: Your large and strong wings let you fly.
                  | [Gargoyle growth]
  7669 | D        | Reached XP level 14. HP: 14/76 MP: 8/38
  7980 | D        | Killed a deep elf master archer
  8218 | D        | Identified the ring "Nasitat" {+Blink rC+ rN+ Int+3}
  8218 | D        | Identified the amulet "Xoal" {RegenMP rF+ SInv}
  8223 | D        | Got the Folio of Congelation and Excavation
  8477 | D        | Noticed a dire elephant
  8477 | D        | Noticed a dire elephant
  8477 | D        | Noticed Gastronok
  8487 | D        | Killed a dire elephant
  8488 | D        | Killed a dire elephant
  8491 | D        | Killed Gastronok
  8916 | D        | Got the Secrets of the Soldier
  9176 | D        | Killed Rupert
  9305 | D        | Noticed Nellie
  9314 | D        | Killed Nellie
  9404 | D        | Got a demonic rune of Zot
  9663 | D        | Noticed an ancient lich
  9698 | D        | Killed an ancient lich
  9699 | D        | Reached skill level 5 in Evocations
 10269 | D        | Found Qoup Jes's Armour Emporium.
 10269 | D        | Found Gataex's Armour Shop.
 10269 | D        | Found Buolyish's Distillery.
 10269 | D        | Found Adoevuic's Distillery.
 10277 | D        | Bought a +0 pair of gloves of hurling for 149 gold pieces
 10284 | D        | Bought 2 potions of heal wounds for 100 gold pieces
 10284 | D        | Bought a potion of heal wounds for 50 gold pieces
 10295 | D        | Bought a potion of haste for 120 gold pieces
 10295 | D        | Bought a potion of haste for 120 gold pieces
 10295 | D        | Bought a potion of heal wounds for 60 gold pieces
 10346 | D        | Found Panausoe's Distillery.
 10498 | D        | Bought a potion of haste for 130 gold pieces
 10505 | D        | Identified Roxanne's Precepts of Variation
 10505 | D        | Noticed Roxanne
 10510 | D        | Killed Roxanne
 10807 | D        | Noticed Boris
 10819 | D        | Killed Boris
 10820 | D        | Reached XP level 15. HP: 51/80 MP: 4/42
 11070 | D        | Reached skill level 27 in Earth Magic
 11219 | D        | Noticed a sphinx
 11219 | D        | Noticed a sphinx
 11222 | D        | Killed a sphinx
 11224 | D        | Killed a sphinx
 11965 | D        | Noticed Sojobo
 11969 | D        | Paralysed by an air elemental for 1 turns
 11976 | D        | Killed Sojobo
 12121 | D        | Noticed a lich
 12124 | D        | Killed a lich
 12125 | D        | Reached skill level 5 in Fighting
 12167 | D        | Noticed a shadow dragon
 12168 | D        | Noticed a shadow dragon
 12182 | D        | Killed a shadow dragon
 12183 | D        | Killed a shadow dragon
 12391 | D        | Noticed a titan
 12391 | D        | Noticed a shadow dragon
 12391 | D        | Noticed a fire giant
 12391 | D        | Noticed a golden dragon
 12391 | D        | Noticed a shadow dragon
 12391 | D        | Noticed a fire giant
 12391 | D        | Noticed a quicksilver dragon
 12392 | D        | Noticed a frost giant
 12403 | D        | Killed a quicksilver dragon
 12404 | D        | Killed a fire giant
 12404 | D        | Killed a frost giant
 12405 | D        | Reached XP level 16. HP: 43/90 MP: 45/45
 12405 | D        | Killed a shadow dragon
 12405 | D        | Killed a titan
 12416 | D        | Killed a shadow dragon
 12416 | D        | Killed a golden dragon
 12722 | D        | Identified the +9 quarterstaff of Exhibitionism {freeze,
                  | rN+}
 12736 | D        | Identified the +4 scale mail of the Storm King {Harm Int+4
                  | Dex+4}
 12739 | D        | Identified the +2 cloak of Agnosticism {Dex+4}
 12758 | D        | Got a silver rune of Zot
 12795 | D        | Acquired 879 gold pieces
 12799 | D        | Acquired 920 gold pieces
 13047 | D        | Bought 2 potions of magic for 320 gold pieces
 13172 | D        | Got a serpentine rune of Zot
 13530 | D        | Noticed an azure jelly
 13530 | D        | Noticed an azure jelly
 13693 | D        | Found Hiphiuru's Magic Scroll Shoppe.
 13693 | D        | Found Ycza's Book Boutique.
 13696 | D        | Reached skill level 10 in Dodging
 13696 | D        | Reached skill level 27 in Spellcasting
 13703 | D        | Found Okle Boira's Antique Weapon Emporium.
 13722 | D        | Bought a scroll of immolation for 44 gold pieces
 13722 | D        | Bought a scroll of immolation for 44 gold pieces
 13752 | D        | Got a decaying rune of Zot
 13791 | D        | Learned a level 5 spell: Fireball
 13796 | D        | Noticed an azure jelly
 13796 | D        | Noticed an azure jelly
 13808 | D        | Killed an azure jelly
 13808 | D        | Killed an azure jelly
 13810 | D        | Killed an azure jelly
 13810 | D        | Killed an azure jelly
 14146 | D        | Noticed a royal mummy
 14146 | D        | Noticed a royal mummy
 14146 | D        | Found the amulet of Vitality {RegenMP++ Regen++}
 14158 | D        | Noticed an Ice Fiend
 14160 | D        | Killed a royal mummy
 14161 | D        | Reached skill level 10 in Evocations
 14164 | D        | Killed an Ice Fiend
 14168 | D        | Killed a royal mummy
 14494 | D        | Reached skill level 27 in Conjurations
 14499 | D        | Reached skill level 10 in Stealth
 14517 | D        | Got a golden rune of Zot
 14521 | D        | Got the Tractate on Damage Dealing
 14536 | D        | Learned a level 8 spell: Lehudib's Crystal Spear
 14546 | D        | Acquired 627 gold pieces
 14550 | D        | Acquired 1244 gold pieces
 14556 | D        | Acquired 924 gold pieces
 14560 | D        | Acquired 464 gold pieces
 14564 | D        | Acquired the +0 hat of Viokure {rF+++ Int-2 Dex+2 Slay+2}
 14786 | D        | Reached skill level 10 in Fire Magic
 14892 | D        | Noticed Geryon
 14898 | D        | Slain by a stone giant

Illustrated notes

Levels and vault maps discovered:
D:        dungeon_sprint_mu [sprint_mu_entry_forest, sprint_mu_temple_rooms,
          sprint_mu_d1_horrors, sprint_mu_d2_genie, sprint_mu_d3_branching,
          sprint_mu_orc_legion, sprint_mu_elf_gauntlet, sprint_mu_hive_nellie,
          sprint_mu_lair_fedhas, sprint_mu_vaults_butterflies,
          sprint_mu_slime_circle, sprint_mu_swamp_cave, sprint_mu_snake_twists,
          sprint_mu_blade_basic, sprint_mu_crypt_lich, sprint_mu_tomb_spiral,
          sprint_mu_vestibule_basic, sprint_mu_gehenna_hellfire,
          sprint_mu_dis_giant, sprint_mu_tartarus_statrot,
          sprint_mu_cocytus_islands, sprint_mu_zot1]

Skill      XL: |  1  2  3  4  5  6  7  8  9 10 11 12 13 14 15 16 |
---------------+-------------------------------------------------+-----
Earth Magic    | 6 9 13 14 15 17 19 20 22 24 26 27 | 27.0
Dodging        | 2 3 4 5 6 9 11 | 11.5
Spellcasting   | 3 4 8 9 11 13 15 16 18 20 23 25 27 | 27.0
Stealth        | 3 5 6 7 8 11 | 11.1
Conjurations   | 3 4 5 7 10 12 15 18 20 24 27 | 27.0
Fighting       | 1 2 3 4 6 |  6.9
Air Magic      | 1 2 3 |  3.6
Poison Magic   | 1 2 3 |  3.7
Hexes          | 2 3 |  3.2
Fire Magic     | 3 5 6 8 12 | 12.5
Transmutations | 1 2 |  2.6
Evocations     | 1 2 3 5 7 11 | 11.5
Unarmed Combat | 1 |  1.0
Shields        | 1 2 |  2.7

Action                   |  1- 3 |  4- 6 |  7- 9 | 10-12 | 13-15 | 16-18 || total
-------------------------+-------+-------+-------+-------+-------+-------++-------
Melee: Unarmed           |       |       |       |    24 |     1 |       ||    25
       Punch             |       |       |       |     2 |       |     1 ||     3
       Staff             |       |       |       |       |     7 |    14 ||    21
 Cast: Sandblast         |    13 |     8 |     4 |    13 |     4 |       ||    42
       Stone Arrow       |     2 |     2 |    37 |   131 |    13 |       ||   185
       Mephitic Cloud    |       |     1 |     3 |     6 |     9 |       ||    19
       Inner Flame       |       |       |       |     7 |       |       ||     7
       Scorch            |       |       |       |    12 |     3 |       ||    15
       Passwall          |       |       |       |     3 |       |       ||     3
       Sticky Flame      |       |       |       |     7 |     5 |       ||    12
       Petrify           |       |       |       |     1 |     4 |       ||     5
       Iron Shot         |       |       |       |    26 |   162 |    42 ||   230
       Shatter           |       |       |       |       |     6 |     7 ||    13
       Freezing Cloud    |       |       |       |       |     1 |       ||     1
       Fireball          |       |       |       |       |       |     5 ||     5
       Ignition          |       |       |       |       |       |     5 ||     5
       Lehudib's Crystal |       |       |       |       |       |     2 ||     2
 Abil: Evoke Blink       |       |       |       |       |       |     1 ||     1
Evoke: Condenser vane    |       |       |       |     8 |    10 |     1 ||    19
       Lightning rod     |       |       |       |       |    17 |       ||    17
       Phantom mirror    |       |       |       |       |     3 |       ||     3
       Wand              |       |       |       |       |     2 |       ||     2
       Tin of tremorston |       |       |       |       |     2 |     2 ||     4
  Use: Potion            |     1 |       |       |     1 |     8 |     5 ||    15
       Scroll            |       |       |       |     7 |    11 |     8 ||    26
 Stab: Distracted        |       |       |       |       |     1 |       ||     1
Armor: Robe              |     2 |       |     4 |    32 |    48 |     8 ||    94
Dodge: Dodged            |     6 |     2 |     4 |    50 |    69 |    14 ||   145
Block: Other             |       |       |       |     9 |     7 |       ||    16
       Reflection        |       |       |       |       |     5 |       ||     5

Table legend: (Time is in decaauts) A = Elapsed time spent in this place. B = Non-inter-level travel time spent in this place. C = Inter-level travel time spent in this place. D = Time resting spent in this place. E = Time spent auto-exploring this place. F = Levels seen in this place. G = Mean time per level. A B C D E F G +--------+--------+--------+--------+--------+-----+--------+ Total | 14859 | 14339 | 520 | 9647 | 24 | 1 | 14859.0 | Dungeon | 14859 | 14339 | 520 | 9647 | 24 | 1 | 14859.0 | +--------+--------+--------+--------+--------+-----+--------+

Top non-repeatable levels by time:
       D: 14859 daAuts
